[Event "Team 45 45 League T98"]
[Site "Internet Chess Club"]
[Date "2023.12.22"]
[Round "6"]
[White "room-matt"]
[Black "Alec-hine"]
[Result "0-1"]
[WhiteElo "1806"]
[BlackElo "2020"]
[Opening "Queen's pawn: Chigorin variation"]
[ECO "D00"]
[Time "14:31:53"]
[PlyCount "88"]
[TimeControl "2700+45"]

1. d4 d5 2. Nc3 e6 3. Nf3 Nf6 4. Bg5 Be7 5. e3 O-O 6. Bd3 b6 7. O-O Bb7 8. Ne5
Ne4 9. Bxe7 Qxe7 10. Nxe4 dxe4 11. Bc4 f6 12. Ng4 h5 13. Nxf6+ Qxf6 14. Qxh5 Nd7
15. Qh3 Rae8 16. Qg3 Qd8 17. Rad1 Nf6 18. Bb5 Re7 19. Be2 Qd6 20. c4 Qxg3 21.
hxg3 Rd8 22. f4 exf3 23. gxf3 e5 24. d5 e4 25. f4 Bc8 26. Rd4 Ng4 27. Bxg4 Bxg4
28. Rf2 Bf3 29. Rh2 Red7 30. b4 b5 31. cxb5 Rxd5 32. Rhd2 Rxd4 33. exd4 e3 34.
Rd3 e2 35. Kf2 Bg4 36. a4 Kf7 37. Rc3 Rxd4 38. Rxc7+ Kg6 39. f5+ Kxf5 40. Rf7+
Ke6 41. Rf4 Rd1 42. Re4+ Kd5 43. Rxe2 Bxe2 44. Kxe2 Rd4 {White resigns} 0-1

[Event "Team 45 45 League T98"]
[Site "Internet Chess Club"]
[Date "2023.12.27"]
[Round "6"]
[White "Beetlejuice"]
[Black "trombone"]
[Result "1/2-1/2"]
[WhiteElo "1695"]
[BlackElo "1774"]
[Opening "French defense, Steiner variation"]
[ECO "A13"]
[Time "14:00:42"]
[PlyCount "135"]
[TimeControl "2700+45"]
1. c4 {0:45:45} e6 {0:45:34} 2. e4 {0:46:26} d5 {0:46:16} 3. cxd5 {0:47:07}
exd5 {0:46:59} 4. exd5 {0:47:49} Nf6 {0:47:27} 5. Bb5+ {0:48:26} Bd7
{0:47:56} 6. Bxd7+ {0:48:57} Qxd7 {0:48:39} 7. Nc3 {0:49:31} Nxd5 {0:49:19}
8. d4 {0:49:41} Nc6 {0:49:36} 9. Qe2+ {0:47:34} Be7 {0:45:44} 10. Nf3
{0:47:54} O-O-O {0:45:58} 11. O-O {0:48:21} Bf6 {0:38:49} 12. Rd1 {0:47:58}
Rhe8 {0:37:43} 13. Be3 {0:48:16} Nf4 {0:36:35} 14. Qf1 {0:42:43} Qg4
{0:33:19} 15. Kh1 {0:40:29} Nd5 {0:32:44} 16. Qe2 {0:29:42} Qg6 {0:30:36}
17. a3 {0:27:21} Nxe3 {0:29:36} 18. fxe3 {0:27:54} Nxd4 {0:30:10} 19. Qf2
{0:22:24} Nc6 {0:26:32} 20. Nd5 {0:19:55} Be5 {0:25:12} 21. Nxe5 {0:19:32}
Rxe5 {0:25:50} 22. Nc3 {0:18:36} Rxd1+ {0:23:52} 23. Rxd1 {0:19:21} Qe6
{0:24:34} 24. e4 {0:19:26} f5 {0:24:26} 25. exf5 {0:18:26} Rxf5 {0:24:03}
26. Qd2 {0:17:31} Re5 {0:22:04} 27. b4 {0:15:31} b6 {0:21:59} 28. h3
{0:15:56} Re3 {0:21:08} 29. b5 {0:11:25} Ne7 {0:20:28} 30. Qd8+ {0:07:23}
Kb7 {0:21:09} 31. Rc1 {0:06:54} Nf5 {0:14:45} 32. Nd5 {0:05:12} Re1+
{0:14:49} 33. Rxe1 {0:05:48} Qxe1+ {0:15:34} 34. Kh2 {0:06:32} Qe5+
{0:16:15} 35. Kg1 {0:06:46} g6 {0:08:59} 36. Qd7 {0:05:53} Qd6 {0:08:46} 37.
Qxd6 {0:01:50} Nxd6 {0:09:27} 38. a4 {0:02:30} c6 {0:09:23} 39. Nc3
{0:03:08} a6 {0:09:52} 40. bxa6+ {0:03:40} Kxa6 {0:10:35} 41. Kf2 {0:04:23}
Ka5 {0:11:17} 42. Ke2 {0:04:55} Kb4 {0:12:00} 43. Kd3 {0:05:36} Nb7
{0:12:02} 44. Kd4 {0:03:21} Nc5 {0:12:12} 45. g4 {0:03:56} Nxa4 {0:12:54}
46. Ne4 {0:04:39} Nc5 {0:10:52} 47. Ng5 {0:04:56} h5 {0:11:05} 48. gxh5
{0:05:18} gxh5 {0:11:50} 49. h4 {0:05:54} Nb3+ {0:12:27} 50. Kd3 {0:06:22}
c5 {0:12:03} 51. Nh7 {0:06:59} Nd4 {0:12:42} 52. Ke4 {0:07:12} Ne6 {0:12:26}
53. Nf6 {0:07:47} c4 {0:12:45} 54. Nxh5 {0:08:14} c3 {0:13:27} 55. Ng3
{0:08:45} c2 {0:14:09} 56. Ne2 {0:09:28} Ng7 {0:13:34} 57. Kd3 {0:09:52} Nf5
{0:13:14} 58. Kxc2 {0:06:47} Nxh4 {0:13:54} 59. Nf4 {0:07:23} Kc4 {0:14:18}
60. Nd3 {0:07:35} Nf5 {0:14:37} 61. Nb2+ {0:07:54} Kb4 {0:13:32} 62. Nd3+
{0:08:30} Kb5 {0:14:12} 63. Kc3 {0:09:01} Nd6 {0:14:44} 64. Ne5 {0:09:31}
Ka4 {0:15:15} 65. Nd7 {0:09:30} b5 {0:15:53} 66. Nb6+ {0:08:52} Ka3
{0:15:09} 67. Nd5 {0:09:23} Ne4+ {0:15:52} 68. Kd4 {0:09:55}
{Game drawn by mutual agreement}
1/2-1/2

[Event "Team 45 45 League T98"]
[Site "Internet Chess Club"]
[Date "2023.12.29"]
[Round "6"]
[White "jjmolina1"]
[Black "DaveTheRook"]
[Result "1-0"]
[WhiteElo "1430"]
[BlackElo "1467"]
[Opening "Nimzo-Indian: classical variation"]
[ECO "E32"]
[Time "10:30:36"]
[PlyCount "53"]
[TimeControl "2700+45"]

1. d4 Nf6 2. c4 e6 3. Nc3 Bb4 4. Qc2 O-O 5. a3 Be7 6. e4 d5 7. e5 Nfd7 8. Bd3 f5
9. cxd5 Nb6 10. dxe6 Bxe6 11. Nf3 Nc6 12. Ne2 Nd5 13. Bd2 Kh8 14. h4 h6 15. Bb5
Nb8 16. Qc1 c6 17. Bc4 b5 18. Bd3 a6 19. Bxh6 Rg8 20. Bg5 Qf8 21. Bxe7 Qxe7 22.
Qg5 g6 23. h5 Qh7 24. O-O-O gxh5 25. Rxh5 Rxg5 26. Rxh7+ Kxh7 27. Nxg5+ {Black
resigns} 1-0

[Event "Team 45 45 League T98"]
[Site "Internet Chess Club"]
[Date "2023.12.22"]
[Round "6"]
[White "Portola"]
[Black "fishhead"]
[Result "0-1"]
[WhiteElo "1638"]
[BlackElo "1791"]
[Opening "Queen's pawn game"]
[ECO "A46"]
[Time "09:05:51"]
[PlyCount "96"]
[TimeControl "2700+45"]

1. d4 Nf6 2. Nf3 e6 3. c3 b6 4. Bg5 Be7 5. Nbd2 d5 6. e3 O-O 7. Bd3 Nbd7 8. Qe2
c5 9. O-O Bb7 10. a4 Ne4 11. Bf4 g5 12. Bg3 f5 13. Be5 g4 14. Ne1 Nxe5 15. dxe5
Nxd2 16. Qxd2 Qc7 17. f4 Rad8 18. Qe2 Rf7 19. Qf2 h5 20. g3 Rh7 21. Ng2 Qc6 22.
Bb5 Qc8 23. Be2 Kg7 24. Nh4 a6 25. Rfd1 Qc6 26. Bf1 c4 27. Bg2 Bc5 28. Qe2 b5
29. axb5 axb5 30. Kf2 Rhh8 31. Ra2 Ra8 32. Rda1 Rxa2 33. Rxa2 Qb6 34. Qd2 Rb8
35. Bf1 b4 36. Bg2 Bc6 37. Bf1 Kf7 38. Be2 Qd8 39. cxb4 Rxb4 40. Qc2 Qd7 41. Qd2
Rb3 42. Ng2 Qb7 43. Bd1 Rd3 44. Qa5 Bb6 45. Qe1 d4 46. Be2 dxe3+ 47. Kg1 Bxg2
48. Qb4 Rd1+ {White resigns} 0-1

[Event "Team 45 45 League T98"]
[Site "Internet Chess Club"]
[Date "2023.12.23"]
[Round "6"]
[White "jfkingiii"]
[Black "mongmong"]
[Result "1-0"]
[WhiteElo "1506"]
[BlackElo "1453"]
[Opening "French: Winawer (Nimzovich) variation"]
[ECO "C15"]
[Time "10:05:04"]
[PlyCount "32"]
[TimeControl "2700+45"]

1. e4 e6 2. d4 d5 3. Nc3 Bb4 4. exd5 exd5 5. Bd3 Nf6 6. a3 Bd6 7. Nf3 c6 8. O-O
O-O 9. Bg5 Bg4 10. h3 Bh5 11. Be2 Be7 12. Ne5 Bg6 13. Nxg6 fxg6 14. Re1 Re8 15.
Bd3 Nbd7 16. Qd2 Qc7 {Black resigns} 1-0

[Event "Team 45 45 League T98"]
[Site "Internet Chess Club"]
[Date "2023.12.23"]
[Round "6"]
[White "cayo89"]
[Black "julesraider"]
[Result "0-1"]
[WhiteElo "1509"]
[BlackElo "1598"]
[Opening "Nimzovich-Larsen attack: Indian variation"]
[ECO "A01"]
[Time "08:15:32"]
[PlyCount "112"]
[TimeControl "2700+45"]

1. b3 Nf6 2. Bb2 g6 3. e3 Bg7 4. Nf3 O-O 5. d4 d5 6. Nbd2 a5 7. a3 b6 8. Be2 Ba6
9. O-O Bxe2 10. Qxe2 Nbd7 11. Ne5 Qe8 12. c4 e6 13. Rfd1 Rc8 14. Rac1 c5 15. a4
Nb8 16. dxc5 bxc5 17. Bc3 Qd8 18. cxd5 Nxd5 19. Bb2 Qb6 20. Nec4 Qc7 21. Bxg7
Kxg7 22. Na3 Qe7 23. Qb5 Qa7 24. Qc4 Nd7 25. Nb5 Qb8 26. Nf3 N7b6 27. Qe4 Nd7
28. h3 N7f6 29. Qe5 Qb6 30. Qd6 Rc6 31. Qe5 Kg8 32. e4 Nd7 33. Qg3 N5f6 34. Qf4
Nh5 35. Qe3 Ndf6 36. Ne5 Rcc8 37. Rd6 Qb8 38. Rcd1 Qa8 39. f3 Ng7 40. Nc4 Qb7
41. Nxa5 Qe7 42. Nc4 Nge8 43. R6d3 e5 44. Ncd6 Rc6 45. Nxe8 Rxe8 46. Rd6 Rcc8
47. Qd3 Kg7 48. g4 h6 49. Kg2 Nh7 50. Kg3 Qg5 51. Qd2 c4 52. Qxg5 Nxg5 53. b4 c3
54. Rc1 c2 55. Na3 Rc3 56. Nxc2 Nxe4+ {White resigns} 0-1

[Event "Team 45 45 League T98"]
[Site "Internet Chess Club"]
[Date "2023.12.26"]
[Round "6"]
[White "vollmerj"]
[Black "RD1974"]
[Result "1-0"]
[WhiteElo "1568"]
[BlackElo "1546"]
[Opening "Réti opening"]
[ECO "A04"]
[Time "16:01:11"]
[PlyCount "131"]
[TimeControl "2700+45"]

1. Nf3 d6 2. g3 e5 3. d3 Nc6 4. Bg2 Be6 5. O-O Qd7 6. c4 Bh3 7. Nc3 Bxg2 8. Kxg2
Nf6 9. a3 g6 10. b4 Bg7 11. Bb2 Nd4 12. Nxd4 exd4 13. Nd5 Nxd5 14. cxd5 O-O 15.
Qb3 Rfe8 16. Qc2 Rac8 17. Rac1 Bh6 18. Rce1 Qf5 19. Qc4 Bd2 20. Qxd4 f6 21. e4
Qe5 22. Qxe5 fxe5 23. Re2 Bg5 24. f4 Bh6 25. fxe5 dxe5 26. Rf3 Re7 27. Rc2 Rd8
28. Rf6 Bg7 29. Rf3 Rd6 30. a4 Ra6 31. a5 b6 32. Ba3 Rd7 33. Rc6 Bf8 34. b5 Bxa3
35. bxa6 bxa5 36. Rf2 Bb4 37. Rb2 Kf7 38. h3 Ke7 39. Rbc2 Kd8 40. R2c4 Rf7 41.
Rc2 Re7 42. Rf6 Kd7 43. Rcc6 Bd6 44. Rf2 Rg7 45. Rb2 Bb4 46. Rbc2 Kd8 47. Rb2
Rf7 48. Re6 Kd7 49. Rc2 Bd6 50. Rb2 Bb4 51. Rb3 Bc5 52. Rb2 Bb4 53. h4 Bc5 54.
Rc2 Bd6 55. Ra2 Bb4 56. Rxe5 Kd6 57. Re6+ Kc5 58. Rc2+ Kd4 59. Rec6 Kxd3 60.
Rxc7 Rf6 61. R2c6 Rf8 62. e5 Ke2 63. d6 Rf2+ 64. Kh3 Be1 65. Rc2+ Bd2 66. d7
{Black resigns} 1-0

[Event "Team 45 45 League T98"]
[Site "Internet Chess Club"]
[Date "2023.12.23"]
[Round "6"]
[White "tightfist"]
[Black "Gilguli"]
[Result "0-1"]
[WhiteElo "1427"]
[BlackElo "1438"]
[Opening "Réti opening"]
[ECO "A04"]
[Time "15:33:11"]
[PlyCount "98"]
[TimeControl "2700+45"]

1. Nf3 Nc6 2. b3 e5 3. e4 g6 4. Bb2 Bg7 5. Bc4 d6 6. O-O Nge7 7. d4 Bd7 8. d5
Nb8 9. Nc3 O-O 10. Ne2 f5 11. Ng3 f4 12. Ne2 Bf6 13. Qd3 g5 14. Ne1 Bg4 15. f3
Bh5 16. g4 Bg6 17. b4 h5 18. h3 hxg4 19. hxg4 Rf7 20. Kg2 Rh7 21. Rh1 Nd7 22. c3
Kg7 23. Nc2 Qf8 24. a4 Qf7 25. Rxh7+ Bxh7 26. Rh1 Ng6 27. Qd1 Nh4+ 28. Kf2 Rh8
29. Qg1 Bg6 30. Ne1 Bh7 31. Ng2 Ng6 32. Rh5 Nb6 33. Bb3 c6 34. a5 Nd7 35. Qd1 c5
36. b5 c4 37. Bxc4 Nc5 38. Ba3 Rc8 39. Bxc5 Rxc5 40. Bd3 Qc7 41. Qh1 Nf8 42. Qa1
Rxd5 43. exd5 Bxd3 44. Qa3 Bxe2 45. Kxe2 Qc4+ 46. Ke1 Qxd5 47. c4 Qd4 48. Qa2
Qg1+ 49. Kd2 Qxg2+ {White resigns} 0-1

[Event "Team 45 45 League T98"]
[Site "Internet Chess Club"]
[Date "2023.12.26"]
[Round "6"]
[White "ElValero"]
[Black "fishhead"]
[Result "0-1"]
[WhiteElo "1636"]
[BlackElo "1801"]
[Opening "English: Queens Indian formation"]
[ECO "A05"]
[Time "12:00:18"]
[PlyCount "40"]
[TimeControl "2700+45"]

1. Nf3 Nf6 2. c4 e6 3. Nc3 b6 4. g3 c5 5. Bg2 Nc6 6. O-O Be7 7. d4 cxd4 8. Nxd4
Bb7 9. Ndb5 Qb8 10. Bf4 e5 11. Bg5 a6 12. Bxf6 gxf6 13. Na3 Nb4 14. Nc2 Bxg2 15.
Kxg2 Qb7+ 16. Kg1 Nxc2 17. Qxc2 Rc8 18. Nd5 Qxd5 19. Rfd1 Qxc4 20. Qd2 Qe6
{White resigns} 0-1

[Event "Team 45 45 League T98"]
[Site "Internet Chess Club"]
[Date "2023.12.28"]
[Round "6"]
[White "clarinetref"]
[Black "QuieroAprender"]
[Result "0-1"]
[WhiteElo "1539"]
[BlackElo "1623"]
[Opening "Sicilian: Steinitz variation"]
[ECO "B20"]
[Time "20:01:11"]
[PlyCount "46"]
[TimeControl "2700+45"]

1. e4 c5 2. g3 Nc6 3. Ne2 d5 4. Bg2 Be6 5. Nf4 Nf6 6. Nxe6 fxe6 7. exd5 exd5 8.
O-O Qd7 9. d3 O-O-O 10. Re1 e5 11. Nc3 Qf5 12. Qf3 Qg6 13. Bh3+ Kb8 14. Qf5 Qxf5
15. Bxf5 Nd4 16. Rxe5 Nf3+ 17. Kg2 Nxe5 18. Bf4 Bd6 19. Re1 Rhe8 20. Nb5 Nf7 21.
Nxd6 Nxd6 22. Rxe8 Nxe8 23. Bxh7 Kc7 {White resigns} 0-1

[Event "Team 45 45 League T98"]
[Site "Internet Chess Club"]
[Date "2023.12.23"]
[Round "6"]
[White "kabindra"]
[Black "Electryon"]
[Result "1-0"]
[WhiteElo "1666"]
[BlackElo "1582"]
[Opening "two knights: Max Lange attack"]
[ECO "C55"]
[Time "13:00:27"]
[PlyCount "47"]
[TimeControl "2700+45"]

1. e4 e5 2. Bc4 Nc6 3. Nf3 Nf6 4. O-O Bc5 5. d4 exd4 6. e5 d5 7. exf6 dxc4 8.
Re1+ Be6 9. Ng5 Qxf6 10. Nxe6 fxe6 11. Qh5+ g6 12. Qxc5 O-O-O 13. Qxc4 Rhe8 14.
Nd2 e5 15. Ne4 Qf5 16. Bg5 Rd7 17. Nf6 Qxg5 18. Nxe8 Qe7 19. f4 Qxe8 20. fxe5
Nxe5 21. Qc5 Re7 22. Rf1 Nc6 23. Rad1 Re2 24. Rf8 {Black resigns} 1-0

[Event "Team 45 45 League T98"]
[Site "Internet Chess Club"]
[Date "2023.12.22"]
[Round "6"]
[White "garytd"]
[Black "mongmong"]
[Result "1-0"]
[WhiteElo "1450"]
[BlackElo "1468"]
[Opening "French: Tarrasch"]
[ECO "C03"]
[Time "16:16:05"]
[PlyCount "95"]
[TimeControl "2700+45"]

1. e4 e6 2. d4 d5 3. Nd2 h6 4. Ngf3 Nf6 5. e5 Nfd7 6. Bd3 c5 7. c3 Nc6 8. O-O
Be7 9. Re1 O-O 10. a3 f5 11. exf6 Nxf6 12. Bg6 Qb6 13. Nb3 cxd4 14. Nbxd4 Nxd4
15. Nxd4 Bc5 16. b4 Bxd4 17. cxd4 Bd7 18. Be3 Rac8 19. Rc1 a6 20. Rc5 Qd8 21.
Qc1 b6 22. Rxc8 Bxc8 23. Bf4 Qd7 24. Be5 b5 25. h3 Ne4 26. Bxe4 dxe4 27. Rxe4
Bb7 28. Rg4 Rf7 29. Qxh6 Kf8 30. Qh8+ Ke7 31. Rxg7 Rxg7 32. Qxg7+ Ke8 33. Qxd7+
Kxd7 34. g4 Ke7 35. Kh2 Bf3 36. Kg3 Bd1 37. h4 Kf7 38. Kf4 Be2 39. h5 Bd1 40.
Kg5 Bf3 41. h6 Be4 42. f4 Bh7 43. f5 exf5 44. gxf5 Bg8 45. d5 Bh7 46. d6 Bg8 47.
Bf6 Ke8 48. Kg6 {Black resigns} 1-0

[Event "Team 45 45 League T98"]
[Site "Internet Chess Club"]
[Date "2023.12.21"]
[Round "6"]
[White "Gojira"]
[Black "VictorRed"]
[Result "1-0"]
[WhiteElo "1647"]
[BlackElo "1619"]
[Opening "Queen's pawn, Mason variation"]
[ECO "D00"]
[Time "11:05:26"]
[PlyCount "45"]
[TimeControl "2700+45"]

1. d4 d5 2. Bf4 Nf6 3. e3 g6 4. Be2 Bg7 5. h3 O-O 6. Nf3 Re8 7. c3 Nbd7 8. Nbd2
c5 9. Ne5 cxd4 10. exd4 Ne4 11. Ndf3 Nxe5 12. Bxe5 f6 13. Bh2 e5 14. dxe5 fxe5
15. O-O b6 16. Bb5 Re7 17. Bc6 Rb8 18. Bxd5+ Kh8 19. Bxe4 Qf8 20. Qc2 Bd7 21.
Rad1 Rbe8 22. Rxd7 Rxd7 23. Bc6 {Black resigns} 1-0

[Event "Team 45 45 League T98"]
[Site "Internet Chess Club"]
[Date "2023.12.22"]
[Round "6"]
[White "fireball"]
[Black "Rookmaster"]
[Result "1/2-1/2"]
[WhiteElo "1536"]
[BlackElo "1530"]
[Opening "Sicilian: Smith-Morra gambit"]
[ECO "B21"]
[Time "14:00:39"]
[PlyCount "139"]
[TimeControl "2700+45"]

1. e4 c5 2. d4 cxd4 3. c3 dxc3 4. Nxc3 e6 5. Nf3 a6 6. Bc4 b5 7. Bb3 Bb7 8. O-O
Nc6 9. Re1 d6 10. Nd5 Na5 11. Nf4 Nxb3 12. Qxb3 Be7 13. Bd2 Nf6 14. Bc3 O-O 15.
e5 Nd5 16. Bd2 Nxf4 17. Bxf4 Bxf3 18. Qxf3 d5 19. Qg4 Kh8 20. Re3 Qa5 21. Rh3
Qa4 22. Qh5 Qc2 23. Rg3 Qf5 24. Qxf5 exf5 25. Rd3 Rfd8 26. Rad1 g6 27. Bh6 g5
28. Rxd5 Rxd5 29. Rxd5 Rd8 30. Rxd8+ Bxd8 31. f4 gxf4 32. Bxf4 Kg7 33. Kf2 Kf8
34. Bh6+ Ke8 35. Kf3 Kd7 36. Kf4 Ke6 37. Bf8 Bb6 38. Bd6 Bg1 39. h3 Bd4 40. Bc7
Bxb2 41. h4 Bc1+ 42. Kf3 Bd2 43. h5 a5 44. Ke2 Bb4 45. Kd3 f6 46. exf6 Kxf6 47.
Bd8+ Ke5 48. Bb6 a4 49. Bc7+ Kd5 50. Bd8 Bc5 51. Bf6 b4 52. Bg7 Bd6 53. Bb2 Be5
54. Bc1 a3 55. Kc2 Ke4 56. Bd2 Bc3 57. Bg5 f4 58. Be7 Kf5 59. Bd6 Kg4 60. Kb3
Kg3 61. Kc2 Kg4 62. Kb3 Kxh5 63. Bxf4 Kg4 64. Bd6 h5 65. Kc2 h4 66. Kb3 Bd2 67.
Kc2 Bc3 68. Kb3 Be1 69. Kc4 Bc3 70. Kb3 {Game drawn by repetition} 1/2-1/2

[Event "Team 45 45 League T98"]
[Site "Internet Chess Club"]
[Date "2023.12.22"]
[Round "6"]
[White "trogers41"]
[Black "vollmerj"]
[Result "1/2-1/2"]
[WhiteElo "1461"]
[BlackElo "1552"]
[Opening "Sicilian: accelerated fianchetto, modern variation with Bc4"]
[ECO "B35"]
[Time "10:05:22"]
[PlyCount "60"]
[TimeControl "2700+45"]

1. e4 c5 2. Nf3 g6 3. d4 cxd4 4. Nxd4 Bg7 5. Nc3 Nc6 6. Be3 Nf6 7. Bc4 O-O 8.
Bb3 d6 9. h3 Bd7 10. Qd2 Nxd4 11. Bxd4 Bc6 12. f3 Nh5 13. O-O-O a5 14. g4 Bxd4
15. Qxd4 Nf4 16. Qd2 Ne6 17. Bxe6 fxe6 18. f4 b5 19. Qe3 b4 20. Ne2 a4 21. c3 a3
22. b3 bxc3 23. Nxc3 Qa5 24. Rhf1 Rfc8 25. Kb1 Bb5 26. Nxb5 Qxb5 27. f5 Qb4 28.
fxg6 hxg6 29. Qd4 Qxd4 30. Rxd4 Rc3 {Game drawn by mutual agreement} 1/2-1/2

[Event "Team 45 45 League T98"]
[Site "Internet Chess Club"]
[Date "2023.12.23"]
[Round "6"]
[White "seattleblues"]
[Black "BlueStorm"]
[Result "1-0"]
[WhiteElo "1357"]
[BlackElo "1585"]
[Opening "QGD semi-Slav: 5.e3"]
[ECO "D45"]
[Time "07:06:27"]
[PlyCount "41"]
[TimeControl "2700+45"]

1. d4 d5 2. Nf3 Nf6 3. c4 c6 4. Nc3 e6 5. e3 Be7 6. Bd3 a5 7. O-O dxc4 8. Bxc4
b5 9. Bb3 Ba6 10. Re1 Nbd7 11. Bc2 Nd5 12. e4 Nxc3 13. bxc3 Nb6 14. Ne5 Qc7 15.
Qf3 Rf8 16. Bf4 Bd6 17. Qg3 f6 18. Nd3 g5 19. Bxd6 Qg7 20. Bxf8 Kxf8 21. Qd6+
{Black resigns} 1-0

[Event "Team 45 45 League T98"]
[Site "Internet Chess Club"]
[Date "2023.12.23"]
[Round "6"]
[White "ElValero"]
[Black "Lawkeito"]
[Result "1-0"]
[WhiteElo "1646"]
[BlackElo "1754"]
[Opening "Sicilian: Smith-Morra gambit"]
[ECO "B21"]
[Time "14:04:53"]
[PlyCount "40"]
[TimeControl "2700+45"]

1. e4 c5 2. d4 cxd4 3. c3 Nf6 4. e5 Nd5 5. Nf3 Nc6 6. cxd4 d6 7. Bc4 Nb6 8.
Bxf7+ Kxf7 9. Ng5+ Kg8 10. e6 Nd5 11. Nc3 Nf6 12. Nf7 Qb6 13. d5 Ne5 14. Nxh8
Kxh8 15. O-O a6 16. Qe2 Qa5 17. f4 Ng6 18. Qf3 b5 19. g4 b4 20. g5 b3 {Black
resigns} 1-0

[Event "Team 45 45 League T98"]
[Site "Internet Chess Club"]
[Date "2023.12.27"]
[Round "6"]
[White "Megasus"]
[Black "Gilguli"]
[Result "1-0"]
[WhiteElo "1547"]
[BlackElo "1426"]
[Opening "Réti opening"]
[ECO "A04"]
[Time "15:32:00"]
[PlyCount "57"]
[TimeControl "2700+45"]

1. Nf3 Nc6 2. d4 e6 3. a3 g6 4. e3 Bg7 5. b3 Nge7 6. Bb2 O-O 7. c4 Qe8 8. Nbd2
d6 9. Qc2 f6 10. h4 Nd8 11. Ne4 Nf7 12. h5 g5 13. Bd3 h6 14. g4 f5 15. gxf5 exf5
16. Ng3 g4 17. Nh4 Nh8 18. O-O-O b6 19. Ngxf5 Nxf5 20. Nxf5 Bxf5 21. Bxf5 Nf7
22. Bxg4 Ng5 23. Bf5 c5 24. Bg6 Qe7 25. Rhg1 cxd4 26. Bxd4 Bxd4 27. Rxd4 Nf3 28.
Bf7+ Kxf7 29. Qg6# {Black checkmated} 1-0

[Event "Team 45 45 League T98"]
[Site "Internet Chess Club"]
[Date "2023.12.23"]
[Round "6"]
[White "rjhoro"]
[Black "Denis240964"]
[Result "0-1"]
[WhiteElo "1241"]
[BlackElo "1283"]
[Opening "QGD: 4.Nf3"]
[ECO "D37"]
[Time "18:00:24"]
[PlyCount "56"]
[TimeControl "2700+45"]

1. d4 d5 2. c4 e6 3. Nc3 Nf6 4. Nf3 Be7 5. e3 b6 6. Be2 O-O 7. O-O Bb7 8. b3 c5
9. dxc5 bxc5 10. Bb2 Nbd7 11. Qc2 Re8 12. Rfd1 Nf8 13. Bd3 d4 14. exd4 Bxf3 15.
gxf3 cxd4 16. Ne2 e5 17. Kh1 Qc7 18. Rg1 g6 19. Rg2 Qb7 20. Be4 Nxe4 21. fxe4
Rad8 22. Ng3 f6 23. f3 Ne6 24. Qd2 Nf4 25. Rgg1 Bc5 26. Rge1 Bb4 27. Qf2 Bxe1
28. Rxe1 Nd3 {White resigns} 0-1

[Event "Team 45 45 League T98"]
[Site "Internet Chess Club"]
[Date "2023.12.24"]
[Round "6"]
[White "PsyMar"]
[Black "Toalla"]
[Result "1-0"]
[WhiteElo "1309"]
[BlackElo "1111"]
[Opening "Owen defense"]
[ECO "B00"]
[Time "15:00:16"]
[PlyCount "43"]
[TimeControl "2700+45"]

1. e4 b6 2. d4 Bb7 3. Nc3 g6 4. Bc4 Bg7 5. Be3 e6 6. Nge2 Ne7 7. O-O O-O 8. a4
Ba6 9. Bb5 c6 10. Bd3 d6 11. Qd2 e5 12. d5 Bxd3 13. cxd3 f5 14. Bh6 f4 15. Bxg7
Kxg7 16. f3 Na6 17. dxc6 Nxc6 18. Nd5 Rc8 19. b4 g5 20. b5 Nd4 21. Nxd4 exd4 22.
bxa6 {Black resigns} 1-0

[Event "Team 45 45 League T98"]
[Site "Internet Chess Club"]
[Date "2023.12.21"]
[Round "6"]
[White "ARMAND02019"]
[Black "Portola"]
[Result "1/2-1/2"]
[WhiteElo "1586"]
[BlackElo "1648"]
[Opening "Queen's pawn game, Darooha variation "]
[ECO "D02"]
[Time "18:37:58"]
[PlyCount "131"]
[TimeControl "2700+45"]

1. Nf3 d5 2. d4 Nf6 3. b3 Bf5 4. Bb2 e6 5. Nbd2 Nbd7 6. Nh4 Be4 7. c3 Be7 8.
Nxe4 Nxe4 9. Nf3 O-O 10. g3 f5 11. Bg2 c6 12. O-O Bd6 13. e3 Qf6 14. Nd2 Qh6 15.
Nxe4 fxe4 16. Qe2 Rf5 17. f4 exf3 18. Rxf3 Rxf3 19. Bxf3 Rf8 20. Rf1 Nf6 21. Bc1
Qg6 22. Bg2 Ne4 23. Rxf8+ Bxf8 24. Qc2 Qg4 25. Bxe4 dxe4 26. Bb2 h5 27. Qf2 Be7
28. Kg2 Qf5 29. Qf4 Bg5 30. Qxf5 exf5 31. Bc1 Kf7 32. h3 Ke6 33. Kf2 Be7 34. Bb2
g6 35. Ke2 Bd6 36. Kf2 g5 37. Bc1 b5 38. Bd2 Kd5 39. Be1 c5 40. Ke2 c4 41. b4
Bc7 42. Kf2 Ke6 43. Kg2 f4 44. gxf4 gxf4 45. exf4 Bxf4 46. Kf2 Kf5 47. Ke2 Bc7
48. Bd2 Bg3 49. Be3 Bc7 50. Kf2 a6 51. a3 Bd6 52. Ke2 Bg3 53. Kf1 Bd6 54. Ke2
Bc7 55. Kf2 Bd8 56. Kg3 h4+ 57. Kf2 Bc7 58. Ke2 Bd6 59. Kf2 Bc7 60. Ke2 Bh2 61.
Kf2 Bg3+ 62. Ke2 Bc7 63. Kf2 a5 64. Ke2 axb4 65. axb4 Bd6 66. Kf2 {Game drawn by
mutual agreement} 1/2-1/2

[Event "Team 45 45 League T98"]
[Site "Internet Chess Club"]
[Date "2023.12.20"]
[Round "6"]
[White "justice02"]
[Black "Kingofknights"]
[Result "1-0"]
[WhiteElo "1588"]
[BlackElo "1486"]
[Opening "Caro-Kann: advance variation"]
[ECO "B12"]
[Time "17:30:13"]
[PlyCount "153"]
[TimeControl "2700+45"]

1. e4 c6 2. d4 d5 3. e5 c5 4. c3 cxd4 5. cxd4 Nc6 6. Nc3 Bf5 7. a3 e6 8. Nge2 a6
9. Ng3 Bg6 10. Bd3 Qb6 11. Bxg6 hxg6 12. Nge2 Nh6 13. Be3 Nf5 14. O-O Be7 15.
Qd3 O-O 16. Rfc1 Rfc8 17. Na4 Qa5 18. Nc5 Qc7 19. Bd2 Qb6 20. b4 a5 21. b5 Nxe5
22. dxe5 Bxc5 23. Be1 Nd4 24. Nxd4 Bxd4 25. Rxc8+ Rxc8 26. Rb1 Bxe5 27. Qd2 Bc3
28. Qc2 d4 29. a4 Qc5 30. Rc1 b6 31. Qe4 Qd5 32. Qxd5 exd5 33. Kf1 Rc4 34. Bxc3
Rxc3 35. Rd1 Rc4 36. Ra1 f5 37. Ke2 Kf7 38. g3 g5 39. Kd3 Kf6 40. f4 gxf4 41.
gxf4 g5 42. fxg5+ Kxg5 43. Rg1+ Kh4 44. Rf1 Kg4 45. h4 Kxh4 46. Rxf5 Rxa4 47.
Rxd5 Rb4 48. Kc2 Kg4 49. Rd6 Kf3 50. Rxb6 Ke4 51. Rb8 d3+ 52. Kc3 Kd5 53. Kxd3
a4 54. Ra8 Kc5 55. Kc3 Rb3+ 56. Kc2 Kb4 57. b6 Ka3 58. Ra6 Rb5 59. Kc3 Rc5+ 60.
Kd4 Rb5 61. Kc4 Rb4+ 62. Kc5 Rb2 63. Kc6 Rc2+ 64. Kd7 Rc4 65. b7 Rb4 66. Kc7
Rc4+ 67. Rc6 Rb4 68. Rb6 Rxb6 69. Kxb6 Kb2 70. Ka5 a3 71. b8=Q+ Ka1 72. Ka4 a2
73. Qe5+ Kb1 74. Qe1+ Kb2 75. Qd2+ Kb1 76. Kb3 a1=Q 77. Qd1# {Black checkmated}
1-0

[Event "Team 45 45 League T98"]
[Site "Internet Chess Club"]
[Date "2023.12.23"]
[Round "6"]
[White "Signofthetimes"]
[Black "nosir"]
[Result "0-1"]
[WhiteElo "1573"]
[BlackElo "1433"]
[Opening "King's pawn opening"]
[ECO "B07"]
[Time "09:00:21"]
[PlyCount "110"]
[TimeControl "2700+45"]

1. e4 d6 2. Nf3 Nf6 3. Nc3 Nbd7 4. Bc4 e5 5. d4 h6 6. h3 Be7 7. Be3 c6 8. Qd2 b5
9. Bb3 b4 10. Ne2 Nxe4 11. Qd3 Nef6 12. dxe5 dxe5 13. Qc4 O-O 14. Qxc6 Rb8 15.
O-O-O Bb7 16. Qc4 Qa5 17. Qh4 Nc5 18. Bxc5 Qxc5 19. Qc4 Qxf2 20. Rhg1 Rfc8 21.
Qxf7+ Kh7 22. Qxe7 Qxe2 23. Rde1 Qb5 24. Rxe5 Qb6 25. Re6 Qd8 26. Rge1 Bxf3 27.
gxf3 Qd4 28. Qd6 Qf2 29. Qd3+ Kh8 30. Re7 Rd8 31. Qe2 Qg3 32. Rxa7 Re8 33. Re7
Rxe7 34. Qxe7 Re8 35. Qxe8+ Nxe8 36. Rxe8+ Kh7 37. Bg8+ Kg6 38. Re6+ Kf5 39. Re3
Qf2 40. Rd3 Qe1+ 41. Rd1 Qf2 42. Bd5 Kg5 43. Be4 Qe3+ 44. Rd2 Qg1+ 45. Rd1 Qg3
46. Rh1 Kf4 47. a4 bxa3 48. bxa3 Qg2 49. Rd1 Qxh3 50. Rd3 h5 51. a4 h4 52. a5
Qc8 53. Rd5 h3 54. Rf5+ Qxf5 55. Bxf5 Kxf5 {White resigns} 0-1